AoeStats
← Gorlami

Black Forest

507800240Analyzed
4v4 RM · 12d ago on Sep 19, 2026· 32m 42s· 8 players
Game mode
Random Map
Map size
Large (8 player)
Population
200
Speed
Normal
Resources
Standard
Victory
Conquest
Starting age
Dark Age
Ending age
Imperial Age
RankedLock teamsTeams togetherTeam positionsShared explorationLock speedFull tech treeHidden civsTurbo modeCheats
Victory
Defeat
🇦🇷 Romans · Argentina
1758
+16
🇦🇷 Teutons · Argentina
1727
+17
🇦🇷 Georgians · Argentina
1699
+18
🇦🇷 Malians · Argentina
1636
+22
🇬🇧 Tatars · United Kingdom
1774
-19
🇦🇷 Hindustanis · Argentina
1764
-19
🇹🇼 Chinese · Taiwan
1755
-18
🇨🇿 Lithuanians · Czechia
1715
-17
Franczesco
1:20 Loom
17:55 Feudal Age
18:32 Town Watch
18:34 Double-Bit Axe
24:57 Horse Collar
29:19 Wheelbarrow
32:29 Castle Age
小小波
0:50 Loom
15:55 Feudal Age
20:28 Castle Age
18:25 Horse Collar
19:21 Double-Bit Axe
21:57 Bow Saw
26:39 Town Watch
[SST]_Reality
0:26 Loom
10:23 Feudal Age
14:48 Castle Age
12:49 Double-Bit Axe
13:15 Horse Collar
14:12 Scale Barding Armor
21:36 Bloodlines
23:43 Husbandry
24:07 Devotion
27:39 Wheelbarrow
27:35 Bow Saw
28:22 Chain Barding Armor
28:52 Heavy Plow
31:34 Gold Mining
31:56 Stone Mining
Torpedo
7:14 Loom
9:37 Feudal Age
10:18 Double-Bit Axe
13:24 Horse Collar
16:44 Forging
16:40 Scale Barding Armor
21:14 Castle Age
20:09 Bloodlines
21:35 Light Cavalry
25:46 Heavy Plow
Gorlami
10:54 Feudal Age
9:26 Loom
14:31 Castle Age
12:39 Double-Bit Axe
12:41 Horse Collar
25:39 Bow Saw
28:00 Redemption
31:36 Gold Mining
31:37 Stone Mining
Lic. VELEZ Y VINO
7:07 Loom
10:56 Feudal Age
15:22 Castle Age
13:49 Horse Collar
13:54 Double-Bit Axe
14:08 Double-Bit Axe
16:32 Bow Saw
20:17 Gold Mining
21:34 Forging
24:08 Wheelbarrow
23:48 Heavy Plow
24:46 Bloodlines
25:31 Sanctity
25:53 Scale Barding Armor
27:53 Chain Barding Armor
35:44 Imperial Age
MiMo
2:22 Loom
15:27 Feudal Age
21:27 Castle Age
19:51 Scale Barding Armor
23:58 Light Cavalry
25:26 Pikeman
29:27 Horse Collar
32:56 Wheelbarrow
Kant be real
0:38 Loom
0:44 Loom
17:06 Feudal Age
18:43 Double-Bit Axe
18:39 Horse Collar
25:39 Castle Age
26:42 Bow Saw
30:20 Fletching
30:56 Bodkin Arrow
32:03 Stone Mining
32:03 Gold Mining
32:50 Wheelbarrow
32:20 Heavy Plow
Connection lost

Rejoining the realm…

Still unreachable

The connection could not be restored.

Session expired

The server has moved on; the page needs a fresh start.